 Dungeon Crawl Stone Soup version 0.28-a0-771-g91a516d0e7 (webtiles) character file.

Game seed: 6389511652376141518

13 Essalna the Firebug (level 2, -3/15 HPs)
             Began as a Gargoyle Fire Elementalist on Nov 1, 2021.
             Slain by Sigmund (7 damage)
             ... on level 2 of the Dungeon.
             The game lasted 00:01:49 (649 turns).

Essalna the Firebug (Gargoyle Fire Elementalist)     Turns: 649, Time: 00:01:49

Health: -3/15      AC:  4    Str: 11    XL:     2   Next: 37%
Magic:  0/5        EV: 11    Int: 15    God:
Gold:   32         SH:  3    Dex: 10    Spells: 4/5 levels left

rFire   . . .      SeeInvis .   e - +2 spear (vamp)
rCold   . . .      Faith    .   f - +0 buckler
rNeg    + . .      Spirit   .   a - +0 robe
rPois   ∞          Reflect  .   (no helmet)
rElec   +          Harm     .   (no cloak)
rCorr   .          Rampage  .   (no gloves)
Will    .....                   (no boots)
Stlth   ++........              (no amulet)
HPRegen 0.05/turn               (no ring)
MPRegen 0.09/turn               (no ring)

@: no status effects
A: sickness immunity, AC +2, negative energy resistance 1, electricity
resistance, torment resistance 1, petrification resistance
a: no special abilities


You were on level 2 of the Dungeon.
You visited 1 branch of the dungeon, and saw 2 of its levels.

You collected 32 gold pieces.

Inventory:

Hand Weapons
 e - a +2 vampiric spear (weapon)
Armour
 a - a +0 robe (worn)
 f - a +0 buckler (worn)
Scrolls
 c - a scroll of amnesia {unknown}
 g - a scroll of teleportation {unknown}
Potions
 b - 2 potions of curing {unknown}
 d - 2 potions of heal wounds {unknown}


   Skills:
 - Level 1.5 Dodging
 - Level 2.1 Stealth
 + Level 0.2 Shields
 + Level 2.2 Spellcasting
 + Level 1.6 Conjurations
 + Level 3.2 Fire Magic


You had 4 spell levels left.
You knew the following spells:

 Your Spells              Type           Power      Damage    Failure   Level
a - Foxfire               Conj/Fire      36%        2x1d5     13%         1

Your spell library contained the following spells:

 Spells                   Type           Power      Damage    Failure   Level
 Scorch                   Fire           22%        2d6       14%         2
 Conjure Flame            Conj/Fire      9%         6-21      36%         3
 Inner Flame              Hex/Fire       6%         N/A       47%         3
 Portal Projectile        Hex/Tloc       2%         N/A       71%         3
 Flame Wave               Conj/Fire      9%         3d4       77%         4
 Blade Hands              Tmut           0%         N/A       100%        5
 Excruciating Wounds      Necr           0%         N/A       100%        5


Dungeon Overview and Level Annotations

Branches:
Dungeon (2/15)

Altars:

Annotations:
D:2 Sigmund


Innate Abilities, Weirdness & Mutations

You are immune to sickness and miasma.
Your stone body is resilient. (AC +2)
You are immune to poison.
You resist negative energy. (rN+)
You are resistant to electric shocks. (rElec)
You are resistant to unholy torment.
You are immune to petrification.


Message History

The foxfire hits something.
You conjure some foxfire!
The foxfire hits something.
Your foxfire dissipates!
You conjure some foxfire!
You are too depleted to draw on your mana recklessly!
You are too depleted to draw on your mana recklessly!
Reach: e) +2 spear (vamp)
Press: ? - help, Dir - move target You could not reach far enough!
The foxfire hits something. x3
The foxfire hits something but does no damage.
Your foxfire dissipates!
You hear some strange, mumbled words.
Something tries to affect you, but you resist.
Reach: e) +2 spear (vamp)
Press: ? - help, Dir - move target You reach to attack!
You miss something. Something hits you.
Reach: e) +2 spear (vamp)
Press: ? - help, Dir - move target You reach to attack!
You hit something. Something hits you.
Reach: e) +2 spear (vamp)
Press: ? - help, Dir - move target You reach to attack!
You barely miss something.
Reach: e) +2 spear (vamp)
Press: ? - help, Dir - move target You reach to attack!
You barely miss something. Something hits you.
Casting: Foxfire (safe; 13% risk of failure)
Confirm with . or Enter, or press ? or * to list all spells.
You conjure some foxfire!
You hear some strange, mumbled words.
Something tries to affect you, but you resist.
Reach: e) +2 spear (vamp)
Press: ? - help, Dir - move target You reach to attack!
You hit something.
The foxfire hits something but does no damage.
The foxfire hits something.
Something hits you.
* * * LOW HITPOINT WARNING * * *
Reach: e) +2 spear (vamp)
Press: ? - help, Dir - move target You reach to attack!
You miss something. Something hits you!
You die...

###.# #.# #.# ###.####
#.# #......# ##+#
#.#.##.# ##... #.#.##.#
##....
#####.#.##.###.....
..####§.........##......
.....§§@.........'......
..####.###......##......
#{ #.#....###..... #.
#......# ##.... #.
#.##..## ##... #.
.......# ##+#
#####.##### #.#


There were no monsters in sight!

Vanquished Creatures
  A giant cockroach (D:2)
  A hobgoblin (D:2)
  A quokka (D:2)
  3 ball pythons
  A goblin (D:2)
  3 kobolds (D:2)
  3 rats
13 creatures vanquished.

Vanquished Creatures (others)
  22 foxfires
22 creatures vanquished.

Grand Total: 35 creatures vanquished

Notes
Turn   | Place    | Note
-------+----------+-------------------------------------------
     0 | D:1      | Essalna the Gargoyle Fire Elementalist began the quest for
                  | the Orb.
     0 | D:1      | Reached XP level 1. HP: 10/10 MP: 3/3
   346 | D:2      | Reached XP level 2. HP: 15/15 MP: 5/5
   636 | D:2      | Noticed Sigmund
   649 | D:2      | Slain by Sigmund

Illustrated notes

Levels and vault maps discovered:
D:1:      dpeg_arrival_central, layout_basic, st_stairs_11
D:2:      layout_loops_corners, uniq_sigmund

Action                   || total
-------------------------++-------
Melee: Spear             ||    30
       Unarmed           ||     1
 Cast: Foxfire           ||    15
 Stab: Sleeping          ||     1
Armor: Robe              ||     4
Dodge: Dodged            ||    13
Block: Buckler           ||     1

Table legend: (Time is in decaauts)
 A = Elapsed time spent in this place.
 B = Non-inter-level travel time spent in this place.
 C = Inter-level travel time spent in this place.
 D = Time resting spent in this place.
 E = Time spent auto-exploring this place.
 F = Levels seen in this place.
 G = Mean time per level.
                   A        B        C        D        E       F      G
               +--------+--------+--------+--------+--------+-----+--------+
         Total |    653 |    653 |      0 |      0 |    536 |   2 |  326.5 |
       Dungeon |    653 |    653 |      0 |      0 |    536 |   2 |  326.5 |
               +--------+--------+--------+--------+--------+-----+--------+

Top non-repeatable levels by time:
     D:2: 414 daAuts
     D:1: 239 daAuts
